[Event "Late-Titled-Tuesday-Blitz-February-06-2024"]
[Site "Chess.com"]
[Date "2024.02.06"]
[Round "9"]
[White "jefferyx"]
[Black "GMWSO"]
[Result "1-0"]
[WhiteElo "3012"]
[BlackElo "3083"]
[TimeControl "180+1"]
[EndTime "15:44:38 PST"]
[Termination "jefferyx won by checkmate"]

1. d4 Nf6 2. c4 e6 3. Nf3 d5 4. Nc3 a6 5. cxd5 exd5 6. Bg5 Be6 7. e3 Nbd7 8. Bd3 Bd6 9. O-O c6 10. Bf4 Qc7 11. Qd2 O-O 12. h3 Rfe8 13. Rfe1 Nb6 14. b3 g6 15. a4 a5 16. Rac1 Bxf4 17. exf4 Nh5 18. f5 Bd7 19. Ne5 Bxf5 20. Bxf5 gxf5 21. Qg5+ Ng7 22. Nd3 Qd6 23. Nc5 Nd7 24. Ne2 Nxc5 25.
dxc5 Qg6 26. Qd2 Ne6 27. Rc3 Kh8 28. Re3 Rg8 29. Rg3 Qf6 30. Nf4 Rxg3 31. fxg3 Nxc5 32. Nh5 Nxb3 33. Qe2 Qd4+ 34. Kh2 Rg8 35. Qe7 f4 36. gxf4 Nc5 37. Qxf7 Ne4 38. Rxe4 dxe4 39. Nf6 Rxg2+ 40.
Kxg2 Qd2+ 41. Kg3 Qe3+ 42. Kg4 Qf3+ 43. Kg5 Qg3+ 44. Ng4 Qa3 45. Qf6+ Kg8 46. Nh6# 1-0

[Event "Late-Titled-Tuesday-Blitz-February-06-2024"]
[Site "Chess.com"]
[Date "2024.02.06"]
[Round "9"]
[White "betta2004"]
[Black "Binary010"]
[Result "0-1"]
[WhiteElo "2574"]
[BlackElo "2833"]
[TimeControl "180+1"]
[EndTime "15:44:38 PST"]
[Termination "Binary010 won by resignation"]

1. e4 e5 2. Nf3 Nc6 3. Bc4 Nf6 4. d4 exd4 5. e5 d5 6. Bb5 Nd7 7. Bxc6 bxc6 8. O-O Be7 9. Nxd4 Nb8 10. Nc3 O-O 11.
Bf4 c5 12. Nb3 d4 13. Ne4 Qd5 14. Qf3 Bb7 15. Nbd2 Nd7 16. Qg3 Kh8 17. Rae1 Ba6 18.
c4 dxc3 19. Nxc3 Qe6 20. Nf3 Nb6 21. Ne4 Nd5 22. Bg5 h6 23. Bxe7 Qxe7 24. Nh4 Qe6 25.
f4 Bxf1 26. Rxf1 Rfe8 27. Kh1 c4 28. Nf3 Qf5 29. Nfd2 Rab8 30. Qa3 Red8 31. Qf3 Rxb2 32. Nxc4 Rxa2 33. g4 Qe6 34. f5 Qc6 35. f6 Rg8 36.
fxg7+ Rxg7 37. Qb3 Nb6 38. Qxa2 Qxe4+ 39. Kg1 Rxg4+ 0-1

[Event "Late-Titled-Tuesday-Blitz-February-06-2024"]
[Site "Chess.com"]
[Date "2024.02.06"]
[Round "9"]
[White "crazy_but_lazy"]
[Black "Mackster23"]
[Result "1-0"]
[WhiteElo "2616"]
[BlackElo "2735"]
[TimeControl "180+1"]
[EndTime "15:44:38 PST"]
[Termination "crazy_but_lazy won by checkmate"]

1. d4 Nf6 2. c4 e6 3. Nc3 Bb4 4. e3 O-O 5. Bd3 d5 6. a3 Bxc3+ 7. bxc3 dxc4 8. Bxc4 c5 9. Nf3 Qc7 10. Be2 b6 11.
Bb2 Ba6 12. O-O Bxe2 13. Qxe2 Nc6 14. Rac1 Na5 15. c4 cxd4 16. exd4 Rac8 17. Ne5 Nd7 18. Nxd7 Qxd7 19. Rfd1 Qa4 20. c5 Nc6 21. d5 exd5 22. Rxd5 Rfe8 23. Qd2 Ne7 24. Rd4 Qb5 25. a4 Qb3 26. Rb4 Qe6 27. Re1 Qg6 28. Rbe4 Rc7 29. Rxe7 Rcxe7 30. Rxe7 Qb1+ 31. Bc1 Rc8 32. Re1 bxc5 33. Bb2 Qg6 34. h3 c4 35. Qc3 h5 36.
Re3 Qc6 37. Qxg7# 1-0

[Event "Late-Titled-Tuesday-Blitz-February-06-2024"]
[Site "Chess.com"]
[Date "2024.02.06"]
[Round "9"]
[White "TimGrutter03"]
[Black "andrzej"]
[Result "1-0"]
[WhiteElo "2614"]
[BlackElo "2459"]
[TimeControl "180+1"]
[EndTime "15:44:38 PST"]
[Termination "TimGrutter03 won on time"]

1. e4 e5 2. Nf3 Nf6 3. Nc3 Bb4 4. Bc4 Bxc3 5. dxc3 d6 6. O-O h6 7. Re1 Nbd7 8. a4 Qe7 9. a5 a6 10. Ba2 Nf8 11. Nd2 Ng6 12. Nf1 Be6 13. Bxe6 fxe6 14. f3 O-O 15. Ng3 Nf4 16. Be3 g5 17. Qd2 Rad8 18.
c4 h5 19. Bxf4 gxf4 20. Ne2 Kh7 21. Kh1 Rg8 22. Rg1 Rg7 23. Rad1 h4 24. c5 Nh5 25.
cxd6 cxd6 26. c4 Qc7 27. Qc3 Qc5 28. b4 Qf2 29. Qe1 Qxe1 30. Rgxe1 h3 31. gxh3 Nf6 32. Nc3 Rc7 33. c5 Rcd7 34. Na4 dxc5 35. Rxd7+ Rxd7 36. Nxc5 Rd4 37. Rb1 Kh6 38. Nxb7 Rd3 39. Nc5 Rxf3 40. Nxa6 Rxh3 41. Kg2 Ra3 42. b5 Rxa5 43.
Nc5 Ra2+ 44. Kf3 Ra3+ 45. Ke2 Ra2+ 46. Kd3 f3 47. b6 Ra8 48. b7 Rd8+ 49. Ke3 Ng4+ 50.
Kxf3 Nxh2+ 51. Kg3 1-0

[Event "Late-Titled-Tuesday-Blitz-February-06-2024"]
[Site "Chess.com"]
[Date "2024.02.06"]
[Round "9"]
[White "rionelG"]
[Black "DonJuanEGenaro"]
[Result "0-1"]
[WhiteElo "2223"]
[BlackElo "2091"]
[TimeControl "180+1"]
[EndTime "15:44:39 PST"]
[Termination "DonJuanEGenaro won on time"]

1. e4 c5 2. Nf3 Nc6 3. d4 cxd4 4.
Nxd4 e5 5. Nxc6 bxc6 6. g3 Nf6 7.
Bg2 Bc5 8. O-O h6 9. c4 Bb7 10. Nc3 O-O 11. Na4 Bd4 12. Qe2 d5 13. cxd5 cxd5 14.
Be3 dxe4 15. Nc5 Qb6 16. Nxb7 Qxb7 17. Rab1 Rfd8 18. h3 Rab8 19. Rfd1 Qb5 20. Qe1 Bxb2 21. Rxd8+ Rxd8 22. Bc1 Bc3 23. Rxb5 Bxe1 24. Be3 a6 25.
Rxe5 Bd2 26. Bxd2 Rxd2 27. Ra5 Rd6 28. Bf1 e3 29. fxe3 Rd2 30. Rxa6 Ne4 31. g4 Ng3 32. Bg2 Ne2+ 33. Kh2 Nc3 34. Ra8+ Kh7 35. Kg3 g6 36. Bf3 Rxa2 37. Rxa2 Nxa2 38. Bd5 Nc3 39. Bxf7 Ne4+ 40.
Kf4 Ng5 41. Ba2 Nxh3+ 42. Ke5 Kg7 43. Bb1 Nf2 44. Kf4 g5+ 45. Kf3 Nd1 46. Be4 Kf6 47. Bd5 Nc3 48. Bc6 Ke5 49. Ba8 Nb5 50.
Bc6 Nd6 0-1

[Event "Late-Titled-Tuesday-Blitz-February-06-2024"]
[Site "Chess.com"]
[Date "2024.02.06"]
[Round "9"]
[White "cande_francisco"]
[Black "Ready4abattle"]
[Result "1-0"]
[WhiteElo "2527"]
[BlackElo "2312"]
[TimeControl "180+1"]
[EndTime "15:44:40 PST"]
[Termination "cande_francisco won by checkmate"]

1. e4 c5 2. Nf3 Nc6 3. Bb5 e6 4. Bxc6 bxc6 5. b3 f6 6. Ba3 e5 7. O-O d6 8. c3 Bg4 9. h3 Bh5 10. d4 cxd4 11. cxd4 Ne7 12. Nbd2 exd4 13. g4 Bf7 14. Nxd4 c5 15. Nf5 Nxf5 16. exf5 Be7 17. Qf3 O-O 18. Rfe1 d5 19. Rac1 Rc8 20. Rcd1 Bd6 21.
Nf1 Qa5 22. Bc1 Qxa2 23. Re2 Qa6 24. Rde1 Be5 25. Bf4 Bxf4 26. Qxf4 d4 27. Nd2 h6 28.
h4 Qd3 29. g5 fxg5 30. hxg5 Bh5 31. Re5 hxg5 32. Qxg5 Qh3 33. R1e4 Bf7 34. Rh4 Qd3 35.
Ne4 Rfd8 36. Nf6+ Kf8 37. Rh8+ Bg8 38. Rxg8+ Kf7 39. Qxg7# 1-0

[Event "Late-Titled-Tuesday-Blitz-February-06-2024"]
[Site "Chess.com"]
[Date "2024.02.06"]
[Round "9"]
[White "Oleksandr_Bortnyk"]
[Black "Ticondriul"]
[Result "1-0"]
[WhiteElo "3067"]
[BlackElo "2746"]
[TimeControl "180+1"]
[EndTime "15:44:41 PST"]
[Termination "Oleksandr_Bortnyk won on time"]

1. d4 Nf6 2. Nc3 d5 3. Bf4 a6 4.
e3 Bf5 5. Nf3 e6 6. Ne5 Nbd7 7.
g4 Bg6 8. h4 Nxe5 9. dxe5 Ne4 10. Nxe4 Bxe4 11. f3 Be7 12. fxe4 Bxh4+ 13. Ke2 g5 14.
Bh2 Qd7 15. Bg2 O-O-O 16. Qd3 Kb8 17. Rhf1 h5 18. gxh5 Rxh5 19. Rad1 c6 20. exd5 cxd5 21. Bxd5 g4 22. Be4 Qa4 23. b3 Qb4 24. Qc4 Qxc4+ 25.
bxc4 Rxd1 26. Rxd1 g3 27. Bg1 Rxe5 28. Bg2 Kc7 29.
e4 Ra5 30. Bd4 Rxa2 31. Be5+ Kc6 32. Kd3 Ra3+ 33. Bc3 b5 34. e5+ Kc5 35. cxb5 axb5 36. Ra1 b4 37. Rxa3 bxa3 38. Bd4+ Kb4 39. c4 Be7 40. Bf3 a2 41. Bc3+ Kb3 42. Bd1+ Ka3 43. Bf3 Bc5 44. Kc2 Bb4 45. Bb2+ Ka4 46. Bc6+ Ka5 47.
Kb3 Bc5 48. Bc3+ Kb6 49. Bf3 Be3 50. Kxa2 Kc5 51. Kb3 Bf4 52. Bg2 Be3 53. Bf1 Bf2 54.
Kc2 Bd4 55. Kd3 Bf2 56. Bg2 Bg1 57. Ba5 Bf2 58. Bc7 Bg1 59. Bd6+ Kb6 60. Ke4 Bf2 61. Kf4 1-0

[Event "Late-Titled-Tuesday-Blitz-February-06-2024"]
[Site "Chess.com"]
[Date "2024.02.06"]
[Round "9"]
[White "Ducke13"]
[Black "ImportedItalianMaple"]
[Result "1-0"]
[WhiteElo "2322"]
[BlackElo "2486"]
[TimeControl "180+1"]
[EndTime "15:44:41 PST"]
[Termination "Ducke13 won on time"]

1. d4 g6 2. g3 Bg7 3. Bg2 d6 4.
e4 Nc6 5. Ne2 e5 6. c3 Nge7 7.
d5 Nb8 8. c4 O-O 9. Nbc3 f5 10. O-O a5 11. b3 Na6 12. a3 Nc5 13.
Rb1 h6 14. b4 axb4 15. axb4 Nxe4 16. Nxe4 fxe4 17. Nc3 Nf5 18. Nxe4 Nd4 19. c5 Ra2 20. Rb2 Ra3 21. Be3 Kh7 22. Rd2 Bf5 23. cxd6 cxd6 24.
h4 h5 25. Ng5+ Kg8 26. Qc1 Ra4 27. Rb2 Qb6 28. Qd2 Rfa8 29. Rc1 Ra1 30. Kh2 Rxc1 31.
Qxc1 Ra4 32. Qd2 Qb5 33. Be4 Bxe4 34. Nxe4 Bf8 35. Bxd4 exd4 36. Qxd4 Bg7 37. Nf6+ 1-0

[Event "Late-Titled-Tuesday-Blitz-February-06-2024"]
[Site "Chess.com"]
[Date "2024.02.06"]
[Round "9"]
[White "KuzubovYuriy"]
[Black "DraningWaterHi"]
[Result "1-0"]
[WhiteElo "2902"]
[BlackElo "2255"]
[TimeControl "180+1"]
[EndTime "15:44:42 PST"]
[Termination "KuzubovYuriy won by checkmate"]

1. d4 Nf6 2. Nf3 g6 3. Nbd2 d5 4. b4 Bg7 5. e3 a5 6. b5 O-O 7. c4 c6 8. Ba3 Re8 9. Be2 Nbd7 10. O-O e5 11. Qc2 exd4 12. Nxd4 Ne5 13. Rfd1 Nfg4 14. N2f3 Bd7 15. Rac1 Rc8 16. h3 Nxf3+ 17. Nxf3 Ne5 18. bxc6 bxc6 19. Bb2 Bf5 20. Qd2 dxc4 21. Bxe5 Qxd2 22. Rxd2 Bxe5 23. Nxe5 Rxe5 24. Rxc4 Kg7 25. Rc3 Rd5 26.
Rb2 Be6 27. Kf1 h5 28. h4 Re5 29. a3 Kf6 30. Rb6 c5 31. f3 Rd5 32. Ke1 Rd7 33.
Bc4 Rdc7 34. Bxe6 fxe6 35. Rc4 Rd7 36. Ra6 Rd3 37. Re4 Rb8 38. Rexe6+ Kf7 39. Rf6+ Ke7 40. Rxg6 Rb1+ 41. Ke2 Rxa3 42. f4 Ra2+ 43. Kf3 Rf1+ 44. Ke4 Ra4+ 45. Ke5 Re1 46. Ra7+ Kf8 47. Kf6 Rxe3 48.
Rf7+ Ke8 49. Rg8# 1-0

[Event "Late-Titled-Tuesday-Blitz-February-06-2024"]
[Site "Chess.com"]
[Date "2024.02.06"]
[Round "9"]
[White "KantorGergely"]
[Black "platy3"]
[Result "0-1"]
[WhiteElo "2768"]
[BlackElo "2942"]
[TimeControl "180+1"]
[EndTime "15:44:42 PST"]
[Termination "platy3 won on time"]

1. Nf3 Nf6 2. c4 c5 3. g3 g6 4. Bg2 Bg7 5. O-O O-O 6. Nc3 Nc6 7. d4 cxd4 8. Nxd4 Qa5 9. h3 d6 10. Nb3 Qh5 11. e3 Qxd1 12. Rxd1 Be6 13. Nd5 Rfc8 14. Bd2 Nd7 15. Rab1 a5 16. Nd4 Bxd5 17. Bxd5 Nb6 18. Nb5 Nxd5 19. cxd5 Nb4 20. e4 Nxa2 21. Ra1 Nb4 22.
Ra4 Nd3 23. Rda1 Nc5 24. Rc4 Nb3 25. Rxc8+ Rxc8 26. Rd1 Bxb2 27. Be3 a4 28. Rb1 Rc2 29. Kf1 Nc5 30. Bxc5 dxc5 31. Ke1 a3 32. Nxa3 Bxa3 33. Rxb7 c4 34. e5 c3 35. f3 Rh2 36. Kf1 c2 37. Kg1 Rd2 38. Rb8+ Kg7 39. Rc8 h6 40. f4 h5 41. h4 Kh7 42. Rc7 Kg8 43. Rc8+ Kg7 44. Rc7 c1=R+ 45. Rxc1 Bxc1 46. Kf1 Bb2 47. Kg1 Bxe5 48. fxe5 Kf8 49. Kf1 f5 0-1

[Event "Late-Titled-Tuesday-Blitz-February-06-2024"]
[Site "Chess.com"]
[Date "2024.02.06"]
[Round "9"]
[White "Levanzovsky"]
[Black "ameetghasi100"]
[Result "0-1"]
[WhiteElo "2557"]
[BlackElo "2737"]
[TimeControl "180+1"]
[EndTime "15:44:42 PST"]
[Termination "ameetghasi100 won on time"]

1. e4 g6 2. d4 Bg7 3. Nc3 d6 4. f4 e6 5. Nf3 Ne7 6. Bd3 O-O 7. O-O Nd7 8. e5 b6 9. Ne4 d5 10. Neg5 c5 11. c3 a5 12. Qe2 Nb8 13. g4 Ba6 14.
Bxa6 Nxa6 15. h4 h6 16. Nh3 Qd7 17. Be3 Qa4 18. b3 Qc6 19. h5 a4 20. Nh4 axb3 21.
axb3 Nc7 22. Rxa8 Qxa8 23. f5 exf5 24. gxf5 gxf5 25. Nxf5 Nxf5 26. Rxf5 Qa1+ 27. Kh2 Qxc3 28. Nf2 Ne6 29. Ng4 Kh7 30. Nf6+ Kh8 31. Nd7 Rg8 32. Rxf7 cxd4 33. Bd2 Qc2 34. Nf6 Qf5 35. Re7 Bxf6 36. exf6 Qxf6 0-1

[Event "Late-Titled-Tuesday-Blitz-February-06-2024"]
[Site "Chess.com"]
[Date "2024.02.06"]
[Round "9"]
[White "Laico"]
[Black "matagordo"]
[Result "1-0"]
[WhiteElo "2369"]
[BlackElo "2236"]
[TimeControl "180+1"]
[EndTime "15:44:43 PST"]
[Termination "Laico won on time"]

1. e4 e6 2. d4 d5 3. Nd2 Nc6 4. Ngf3 Nf6 5. e5 Nd7 6. Bb5 a6 7. Bxc6 bxc6 8. Nb3 a5 9. O-O a4 10. Nbd2 f6 11. Re1 Be7 12. exf6 Nxf6 13. Ng5 Qd6 14. Qe2 O-O 15. Ndf3 Re8 16. Ne5 h6 17.
Ngf7 Qb4 18. Nxc6 Qb6 19. Nxe7+ Kxf7 20. Nxc8 Raxc8 21. c3 c5 22. dxc5 Qxc5 23. Be3 Qc6 24. Bd4 Nd7 25. Qh5+ Kg8 26. Bxg7 Kxg7 27. Re3 Nf6 28.
Rg3+ Kf8 29. Qxh6+ Ke7 30. Rg7+ Kd6 31. Qf4+ e5 32.
Qxf6+ Re6 33. Qf7 Rce8 34. Rd1 R8e7 35. Qf8 Qb6 36. h4 Qxb2 37. Qd8+ Kc6 38. Rxe7 Rf6 39. Qc7+ Kb5 40. Qb7+ 1-0

[Event "Late-Titled-Tuesday-Blitz-February-06-2024"]
[Site "Chess.com"]
[Date "2024.02.06"]
[Round "9"]
[White "yuriydovzik"]
[Black "McCarthyStone"]
[Result "0-1"]
[WhiteElo "2196"]
[BlackElo "2370"]
[TimeControl "180+1"]
[EndTime "15:44:44 PST"]
[Termination "McCarthyStone won on time"]

1. e4 e5 2. Nf3 d6 3. d4 exd4 4. Nxd4 Nf6 5. Nc3 g6 6. Bg5 Bg7 7. Qd2 h6 8. Bh4 O-O 9. O-O-O Re8 10. f3 Nxe4 11. Bxd8 Nxd2 12. Bxc7 Bxd4 13. Kxd2 Be3+ 14. Kd3 Bf5+ 15. Ne4 Bf4 16. g4 Bxe4+ 17. fxe4 Nd7 18. Ba5 Nc5+ 19. Ke2 Rxe4+ 20. Kf3 g5 21. Bd2 Rae8 22. Bb5 R8e5 23. h3 Ne6 24. Bd3 Nd4+ 25. Kg2 Re2+ 26. Bxe2 Rxe2+ 27. Kf1 Rxd2 28. Rxd2 Bxd2 29. c3 Ne6 30.
Ke2 Bf4 31. Kf3 Kf8 32. Rd1 Ke7 33. a4 Nc5 34. a5 Ke6 35. b4 Nd7 36. Ke4 Ne5 37.
b5 Bg3 38. b6 axb6 0-1

[Event "Late-Titled-Tuesday-Blitz-February-06-2024"]
[Site "Chess.com"]
[Date "2024.02.06"]
[Round "9"]
[White "lluiss"]
[Black "carloseduar100"]
[Result "0-1"]
[WhiteElo "2162"]
[BlackElo "2340"]
[TimeControl "180+1"]
[EndTime "15:44:48 PST"]
[Termination "carloseduar100 won on time"]

1. e4 e6 2. d4 d5 3. e5 c5 4. Nf3 Nc6 5. dxc5 Bxc5 6. Bd3 Nge7 7. O-O Ng6 8. Qe2 Qc7 9. Re1 a6 10. c3 b5 11. b4 Bb6 12. a4 bxa4 13. Rxa4 a5 14.
h4 Bd7 15. h5 Ngxe5 16. b5 Nxf3+ 17. Qxf3 Ne7 18. h6 g6 19. Qf6 Rg8 20. Bf4 Qd8 21.
Bg5 Nf5 22. Bxf5 Qxf6 23. Bxf6 gxf5 24. Na3 Rg6 25. Bg7 Rc8 26. Rf4 Bc5 27. Nc2 Bxb5 28.
Rxf5 Bf8 29. Rxd5 Bc6 30. Rxa5 Rxg2+ 31. Kf1 Bxg7 32. hxg7 Rxg7 33. Nd4 Bg2+ 34. Ke2 Kf8 35. Ra7 h5 36. Kd3 h4 37. Rxe6 h3 0-1

[Event "Late-Titled-Tuesday-Blitz-February-06-2024"]
[Site "Chess.com"]
[Date "2024.02.06"]
[Round "9"]
[White "cukricek"]
[Black "nindjaxx8"]
[Result "1-0"]
[WhiteElo "2425"]
[BlackElo "2555"]
[TimeControl "180+1"]
[EndTime "15:44:49 PST"]
[Termination "cukricek won on time"]

1. g3 d5 2. Bg2 Nf6 3. Nf3 Bf5 4. O-O e6 5. d3 Be7 6. Nc3 O-O 7. e4 dxe4 8. Ne5 c6 9. dxe4 Bg6 10. Qe2 Qc8 11. f4 Qc7 12. g4 h6 13. Nxg6 fxg6 14.
h3 Nbd7 15. Qc4 Kh7 16. Qxe6 Nc5 17. Qc4 Rad8 18. e5 b5 19. Qe2 Nd5 20. Nxd5 cxd5 21.
Qxb5 d4 22. Qc6 Qb8 23. b3 d3 24. cxd3 Nxd3 25. Be4 Qb6+ 26. Qxb6 axb6 27. Be3 Bc5 28. Bxc5 Nxc5 29. Bc2 Rd2 30. Rf2 Rxf2 31. Kxf2 Rxf4+ 32. Ke3 Rf8 33. b4 Nd7 34. Kd4 Rf4+ 35. Be4 Rf2 36.
e6 Nf6 37. Re1 Rxa2 38. e7 Rb2 39. Bc6 Rxb4+ 40. Kc3 Rf4 41. Re6 Rf3+ 42. Bxf3 1-0

[Event "Late-Titled-Tuesday-Blitz-February-06-2024"]
[Site "Chess.com"]
[Date "2024.02.06"]
[Round "9"]
[White "trriinu"]
[Black "Jamal-Jamal-Jamal"]
[Result "1/2-1/2"]
[WhiteElo "2241"]
[BlackElo "2356"]
[TimeControl "180+1"]
[EndTime "15:44:52 PST"]
[Termination "Game drawn by repetition"]

1. e4 c5 2. Nf3 Nc6 3. Bb5 Qc7 4. O-O a6 5. Bxc6 dxc6 6. c3 Bg4 7. h3 Bxf3 8. Qxf3 Nf6 9. d4 cxd4 10. cxd4 e6 11. Nc3 Be7 12. Be3 O-O 13. Rac1 Rfd8 14. d5 exd5 15.
exd5 Bf8 16. Bg5 Qe5 17. Bxf6 Qxf6 18. Qxf6 gxf6 19. dxc6 bxc6 20. Ne4 f5 21. Nf6+ Kg7 22. Rxc6 Rd6 23. Rxd6 Bxd6 24. Nd5 Rc8 25. Nc3 Be5 26. Rc1 a5 27. a3 Rb8 28. Rc2 Rb3 29. Kf1 Bxc3 30. Rxc3 Rxb2 31. Rc5 Rb1+ 32. Ke2 Rb2+ 33. Ke1 Rb1+ 34. Kd2 Rb2+ 35. Rc2 Rb3 36. Rc3 Rb2+ 37. Ke3 f4+ 38. Kf3 a4 39. Kxf4 Rb3 40.
Rg3+ Kf6 41. Ke4 Rb2 42. Rf3+ Ke6 43. Kd4 f5 44. Kc4 Ke5 45. Re3+ Kf4 46. Rf3+ Ke4 47. Re3+ Kf4 48. Rf3+ Ke4 49. Re3+ Kf4 1/2-1/2

[Event "Late-Titled-Tuesday-Blitz-February-06-2024"]
[Site "Chess.com"]
[Date "2024.02.06"]
[Round "9"]
[White "terrortoast"]
[Black "jaskol95"]
[Result "0-1"]
[WhiteElo "2424"]
[BlackElo "2591"]
[TimeControl "180+1"]
[EndTime "15:44:53 PST"]
[Termination "jaskol95 won on time"]

1. d4 d5 2. c4 e5 3. dxe5 d4 4.
Nf3 Nc6 5. a3 a5 6. Nbd2 Nge7 7.
Nb3 Nf5 8. e4 dxe3 9. Qxd8+ Nxd8 10. fxe3 Nc6 11. Nbd4 Be7 12. Bd3 Nh4 13. Nxc6 bxc6 14.
Kf2 Bf5 15. Bxf5 Nxf5 16. g4 Nh4 17. Nd4 Ng6 18. Nxc6 Bh4+ 19. Kg2 Ra6 20. Nd4 Nxe5 21.
Bd2 Nxc4 22. Bc3 Nxe3+ 23. Kf3 Nd5 24. Nf5 Nxc3 25. bxc3 Bf6 26. Rae1+ Re6 27. c4 O-O 28. a4 Rb8 29. Rb1 Reb6 30. Rb5 g6 31. Ng3 Rd8 32.
Ne4 Be7 33. Re1 Re6 34. Re3 Kg7 35. Rxa5 Rd4 36. Rb5 Rxc4 37. a5 Ra4 38. Nc3 Rxe3+ 39. Kxe3 Ra3 40. Kd2 Bf6 41. Nd5 Ra2+ 42. Kd3 Be5 0-1

[Event "Late-Titled-Tuesday-Blitz-February-06-2024"]
[Site "Chess.com"]
[Date "2024.02.06"]
[Round "9"]
[White "grzechu96"]
[Black "Hrant_ChessMood"]
[Result "1-0"]
[WhiteElo "2762"]
[BlackElo "2910"]
[TimeControl "180+1"]
[EndTime "15:44:54 PST"]
[Termination "grzechu96 won on time"]

1. e4 c6 2. d4 d5 3. e5 Bf5 4. Nf3 e6 5. Be2 Ne7 6. O-O Bg6 7. c3 Nf5 8. a4 c5 9. a5 a6 10. dxc5 Bxc5 11. b4 Be7 12. Nbd2 Nc6 13. Nb3 Qc7 14. Bf4 O-O 15. h3 Nh4 16. Re1 Be4 17. Nxh4 Bxh4 18.
Bd3 f5 19. Bf1 Nxe5 20. Qd4 Nf3+ 21. gxf3 Qxf4 22. fxe4 fxe4 23. Ra2 Rf6 24. Qe3 Qe5 25. Bg2 Raf8 26. Rf1 Rf3 27. Qd4 Qf4 28. Re2 Bf6 29.
Qd2 Qh4 30. Nd4 Rd3 31. Qc2 Rc8 32.
Nxe6 Rcxc3 33. Qa2 Rxh3 34. Qxd5 Kh8 35. Rxe4 Qh6 36. Nf4 1-0

[Event "Late-Titled-Tuesday-Blitz-February-06-2024"]
[Site "Chess.com"]
[Date "2024.02.06"]
[Round "9"]
[White "yaguigor"]
[Black "ccccvhhhj"]
[Result "1-0"]
[WhiteElo "2712"]
[BlackElo "2483"]
[TimeControl "180+1"]
[EndTime "15:44:54 PST"]
[Termination "yaguigor won on time"]

1. Nf3 Nc6 2. e4 e5 3. Bb5 Nge7 4. O-O Ng6 5. c3 Be7 6. d4 O-O 7. Bxc6 dxc6 8. Nxe5 Nxe5 9. dxe5 Qe8 10. Be3 f6 11. exf6 Bxf6 12. f3 Be5 13. f4 Bd6 14. Nd2 Kh8 15.
e5 Be7 16. Qe2 Bf5 17. Nb3 Qg6 18. Qf2 Rad8 19. Bc5 Bxc5 20. Nxc5 b6 21. Nb3 Be4 22. Qg3 Qf5 23. Nd4 Qf7 24. Qe3 Bd5 25. f5 Rde8 26.
e6 Qf6 27. b3 b5 28. Rae1 h6 29. Qe5 Qg5 30. Qg3 Qf6 31. Qxc7 b4 32. Qe5 bxc3 33. Qxf6 Rxf6 34. Rc1 Be4 35. Rxc3 Rd8 36. Nxc6 Rc8 37. e7 Rfxc6 38. Re3 Bd5 39. e8=Q+ Rxe8 40. Rxe8+ Kh7 41. h3 Rc2 42. Rf2 Rc1+ 43. Kh2 Rb1 44. Re7 Be4 45.
f6 Bg6 46. Rxg7+ Kh8 47. Rxg6 1-0

[Event "Late-Titled-Tuesday-Blitz-February-06-2024"]
[Site "Chess.com"]
[Date "2024.02.06"]
[Round "9"]
[White "FairChess_on_YouTube"]
[Black "Jospem"]
[Result "1-0"]
[WhiteElo "3060"]
[BlackElo "3038"]
[TimeControl "180+1"]
[EndTime "15:44:55 PST"]
[Termination "FairChess_on_YouTube won by checkmate"]

1. e4 e5 2. Nf3 Nc6 3. Bb5 a6 4. Ba4 Nf6 5. O-O Be7 6. Bxc6 dxc6 7. d3 Bg4 8. h3 Bxf3 9. Qxf3 O-O 10. Nd2 Nd7 11.
Nc4 Re8 12. Qg3 Bh4 13. Qg4 Bf6 14. Ne3 g6 15. Bd2 Bg7 16. Bc3 Nf6 17. Qf3 Re6 18.
Rad1 Qe7 19. g3 b5 20. Ng4 Nd7 21. Bd2 Rf8 22. Ne3 Qc5 23. Rc1 Rfe8 24. h4 h5 25. Kg2 Qd6 26. Rh1 c5 27. b3 c6 28. Rcg1 Nf6 29.
Kf1 Qd4 30. g4 hxg4 31. Nxg4 Nxg4 32. Rxg4 Rf6 33. Qe2 c4 34. Be3 cxd3 35. cxd3 Qc3 36. h5 Rd6 37. hxg6 fxg6 38. Kg2 Ree6 39. Rg3 Qxd3 40.
Qg4 Qc2 41. Rf3 c5 42. Bg5 c4 43. Qh3 Rf6 44. Bxf6 Bxf6 45. Qh7+ Kf8 46. Qxg6 Ke7 47. Rh7+ Kd8 48. Qg8# 1-0

[Event "Late-Titled-Tuesday-Blitz-February-06-2024"]
[Site "Chess.com"]
[Date "2024.02.06"]
[Round "9"]
[White "shirovin"]
[Black "BeardedNM"]
[Result "1-0"]
[WhiteElo "2103"]
[BlackElo "2230"]
[TimeControl "180+1"]
[EndTime "15:44:55 PST"]
[Termination "shirovin won on time"]

1. e4 e6 2. d3 d5 3. Nd2 Nf6 4. Ngf3 Bc5 5. Be2 dxe4 6. dxe4 Nc6 7. c3 a5 8. O-O e5 9. b3 O-O 10. Bb2 Qe7 11. Qc2 Be6 12. a3 Bb6 13. b4 axb4 14. axb4 Rxa1 15. Rxa1 Ng4 16. Rf1 Ra8 17. h3 Nh6 18.
Bc4 f6 19. Qb3 Nd8 20. Bxe6+ Qxe6 21. Qxe6+ Nxe6 22. Nc4 Ra2 23. Ra1 Rxa1+ 24. Bxa1 Ba7 25. Na5 Nd8 26. c4 Nhf7 27. c5 b6 28. Nb3 Ne6 29. c6 Nd6 30. Nfd2 Nd8 31. Kf1 Nxc6 32. f4 exf4 33. Ke2 Nxb4 34. Nd4 Kf7 35. N2b3 b5 36. Kf3 c5 37. Ne2 c4 38. Nd2 g5 39. e5 fxe5 40. Bxe5 Nf5 41. Ne4 Nd3 42. Nd6+ Nxd6 43. Bxd6 h6 44. h4 1-0

[Event "Late-Titled-Tuesday-Blitz-February-06-2024"]
[Site "Chess.com"]
[Date "2024.02.06"]
[Round "9"]
[White "rcmz"]
[Black "pfalcon1949"]
[Result "1/2-1/2"]
[WhiteElo "2129"]
[BlackElo "1972"]
[TimeControl "180+1"]
[EndTime "15:44:55 PST"]
[Termination "Game drawn by repetition"]

1. b4 a5 2. b5 c6 3. a4 Nf6 4.
Bb2 d6 5. e3 e5 6. c4 Be7 7. Nc3 O-O 8. d3 c5 9. Be2 b6 10. Bf3 Ra7 11. Nge2 Be6 12. e4 h6 13.
Bc1 Nh7 14. Ng3 Bg5 15. Bxg5 Nxg5 16. h4 Nxf3+ 17. gxf3 f5 18. Qd2 f4 19. Nge2 Raf7 20.
O-O-O Kh7 21. Rdg1 Rf6 22. Rg2 Qe7 23. Qe1 Qf7 24.
Qg1 Rg6 25. Rxg6 Qxg6 26. Kd2 Rf6 27. h5 Qxg1 28. Rxg1 g5 29. Nd5 Bxd5 30. cxd5 Nd7 31. Nc3 Rf7 32. Nb1 Nf6 33. Rh1 Rg7 34. Ke2 g4 35. Nd2 g3 36. fxg3 fxg3 37. Nc4 Nxh5 38. Nxd6 g2 39. Rg1 Nf4+ 40. Kf2 Nxd3+ 41. Ke3 Nf4 42.
Nf5 Rg6 43. Nh4 Rg7 44. d6 Rd7 45. Nxg2 Nxg2+ 46. Rxg2 Rxd6 47. f4 exf4+ 48. Kxf4 Rd4 49. Kf5 Rxa4 50. e5 Ra1 51. e6 Re1 52. Kf6 Rf1+ 53. Ke5 Re1+ 54. Kf6 Rf1+ 55. Ke5 Re1+ 56. Kf6 1/2-1/2

[Event "Late-Titled-Tuesday-Blitz-February-06-2024"]
[Site "Chess.com"]
[Date "2024.02.06"]
[Round "9"]
[White "UnTucopalaTimba"]
[Black "jinxy2009"]
[Result "0-1"]
[WhiteElo "1962"]
[BlackElo "2231"]
[TimeControl "180+1"]
[EndTime "15:44:56 PST"]
[Termination "jinxy2009 won on time"]

1. e4 c5 2. Nf3 Nc6 3. d4 cxd4 4. Nxd4 Nf6 5. Nc3 e5 6. Ndb5 d6 7. Nd5 Nxd5 8. exd5 Nb8 9. Be2 Be7 10. O-O O-O 11. c4 Nd7 12. Be3 a6 13. Nc3 f5 14. f4 Bf6 15.
Kh1 g6 16. Qd2 exf4 17. Bxf4 Ne5 18. Rad1 Qe7 19. b3 g5 20. Bxe5 Bxe5 21. Bd3 Qg7 22. Ne2 Qh6 23. h3 f4 24. Ng1 g4 25. Be4 gxh3 26.
gxh3 Kh8 27. Rf3 Bg4 28. Rd3 Bxd1 29. Qxd1 Rg8 30. Qf1 Rg7 31. Bf5 Rag8 32. Ne2 Qh5 33. Be6 Rf8 34. Rf3 Rf6 35. Kh2 Rfg6 36. Kh1 h6 37.
Qf2 Qg5 38. Bg4 h5 39. Be6 Qg2+ 40. Qxg2 Rxg2 41. Nxf4 Bxf4 42. Rxf4 Rg1+ 0-1

[Event "Late-Titled-Tuesday-Blitz-February-06-2024"]
[Site "Chess.com"]
[Date "2024.02.06"]
[Round "9"]
[White "temus_galaktionov"]
[Black "Rud_Makarian"]
[Result "0-1"]
[WhiteElo "2870"]
[BlackElo "3035"]
[TimeControl "180+1"]
[EndTime "15:45:00 PST"]
[Termination "Rud_Makarian won by resignation"]

1. d4 Nf6 2. Nf3 c5 3. d5 b5 4. Bg5 g6 5. c3 Bg7 6. d6 O-O 7. e3 b4 8. Bc4 Bb7 9. O-O Nc6 10. a3 exd6 11. axb4 cxb4 12. cxb4 Nxb4 13. Qxd6 Nc2 14. Ra2 Ne4 15. Qe7 Nxg5 16. Qxg5 Nb4 17. Ra4 a5 18. Nc3 Bxf3 19. Qxd8 Rfxd8 20. gxf3 Rdc8 21. Bb5 Bxc3 22. bxc3 Rxc3 23. Bxd7 Rd8 24. Bh3 Nc6 25. f4 Rd2 26. Bg2 Ne7 27. Be4 Rc5 28. Rfa1 Rb5 29. Rxa5 Rbb2 30. Rf1 Kg7 31. Ra7 Ng8 32. Bf3 Nh6 33.
Rb7 Ra2 34. e4 Rd3 35. Bg2 Ng4 36. e5 Re2 37. Rc7 Rdd2 38. Bh3 Nxf2 39. Be6 Ne4 40. Rxf7+ Kh6 41. Ra1 Rg2+ 42. Kh1 Rxh2+ 43. Kg1 Rdg2+ 44.
Kf1 Ng3+ 0-1